 Dungeon Crawl Stone Soup version 0.27.0-1-g7a089689b8 (webtiles) character file.

Game seed: 4306128875849007471

316 KamiKatze the Shield-Bearer (level 6, -1/39 HPs)
             Began as a Gargoyle Fighter on July 31, 2021.
             Slain by Duvessa (7 damage)
             ... on level 4 of the Dungeon.
             The game lasted 00:11:18 (3339 turns).

KamiKatze the Shield-Bearer (Gargoyle Fighter)      Turns: 3339, Time: 00:11:19

Health: -1/39      AC: 18    Str: 21    XL:     6   Next: 44%
Magic:  6/6        EV:  7    Int:  9    God:
Gold:   27         SH: 10    Dex:  9    Spells: 5/5 levels left

rFire    . . .     SeeInvis .   a - +0 war axe
rCold    . . .     Faith    .   c - +0 kite shield
rNeg     + . .     Spirit   .   b - +0 scale mail
rPois    ∞         Reflect  .   l - +0 helmet
rElec    +         Harm     .   (no cloak)
rCorr    .         Rampage  .   r - +0 pair of gloves
Will     .....                  i - +0 pair of boots
Stlth    ..........             (no amulet)
HPRegen  0.13/turn              q - +4 ring of protection
MPRegen  0.10/turn              (no ring)

@: mighty
A: sickness immunity, AC +4, negative energy resistance 1, electricity
resistance, torment resistance 1, petrification resistance
a: no special abilities


You were on level 4 of the Dungeon.
You visited 1 branch of the dungeon, and saw 4 of its levels.

You collected 49 gold pieces.
You spent 22 gold pieces at shops.

Inventory:

Hand Weapons
 a - a +0 war axe (weapon)
Missiles
 f - 113 stones (quivered)
 n - a throwing net
Armour
 b - a +0 scale mail (worn)
 c - a +0 kite shield (worn)
 i - a +0 pair of boots (worn)
 l - a +0 helmet (worn)
 r - a +0 pair of gloves (worn)
Jewellery
 q - a +4 ring of protection (left hand)
Scrolls
 k - a scroll of teleportation
 m - 2 scrolls of identify
 p - a scroll of blinking
 t - a scroll of immolation {unknown}
Potions
 e - a potion of magic {unknown}
 g - a potion of degeneration {unknown}
 h - 2 potions of curing {unknown}
 j - a potion of flight {unknown}
 o - a potion of mutation {unknown}
 s - 2 potions of heal wounds
 u - a potion of attraction {unknown}


   Skills:
 + Level 4.4 Fighting
 * Level 4.0 Axes
 - Level 3.2 Armour
 * Level 5.4 Shields


You had 5 spell levels left.
You didn't know any spells.
Your spell library contained the following spells:

 Spells                   Type           Power      Damage    Failure   Level
 Freeze                   Ice            0%         1d3       98%         1
 Sandblast                Erth           0%         2d4       98%         1
 Passwall                 Tmut/Erth      0%         N/A       99%         2
 Frozen Ramparts          Ice            0%         1d2       100%        3
 Hailstorm                Conj/Ice       0%         3d3       100%        4
 Lee's Rapid Deconstruct  Erth           0%         3d5*      100%        5


Dungeon Overview and Level Annotations

Branches:
Dungeon (4/15)
 Temple: D:4-7

Altars:
Kikubaaqudgha

Shops:
D:1 =   D:3 *

Annotations:
D:4 Duvessa, Natasha


Innate Abilities, Weirdness & Mutations

You are immune to sickness and miasma.
Your stone body is resilient. (AC +4)
You are immune to poison.
You resist negative energy. (rN+)
You are resistant to electric shocks. (rElec)
You are resistant to unholy torment.
You are immune to petrification.


Message History

The jackal bites you but does no damage.
You hit the jackal.
The jackal is severely wounded.
You slash the jackal!
You kill the jackal!
The jackal bites you but does no damage.
You block the jackal's attack. The jackal barely misses you.
You hit the jackal.
You kill the jackal!
You hit the jackal but do no damage. You block the jackal's attack.
The jackal bites you.
Duvessa hits you with a +1 vampiric short sword.
You hit Duvessa but do no damage. You slash the jackal!
You kill the jackal!
You block Duvessa's attack. x2
The hobgoblin hits you but does no damage.
Unknown command.
You completely miss Duvessa. You hit the hobgoblin but do no damage.
Duvessa closely misses you.
Duvessa hits you with a +1 vampiric short sword!
The hobgoblin barely misses you.
You are too injured to fight recklessly!
Unknown command.
You are too injured to fight recklessly!
You feel very mighty all of a sudden. Duvessa barely misses you.
You block the hobgoblin's attack.
Duvessa hits you with a +1 vampiric short sword!
* * * LOW HITPOINT WARNING * * *
Unknown command.
You closely miss Duvessa. You closely miss the hobgoblin.
Duvessa hits you with a +1 vampiric short sword!
* * * LOW HITPOINT WARNING * * *
You block the hobgoblin's attack. You block Duvessa's attack.
The hobgoblin hits you but does no damage.
Unknown command.
You slash Duvessa!
Duvessa is moderately wounded.
You closely miss the hobgoblin.
Duvessa hits you with a +1 vampiric short sword!
You die...

.## ...# ###
....# ##..#
.....# ##@.#
......
###eg##
......##...##
.....e....##
#........##
##.......##
...
###......#
.... ##.....#
.(.. ##....##


You could see Duvessa (berserk) and a hobgoblin.

Vanquished Creatures
  Dowan (D:4)
  An orc priest (D:3)
  A centaur skeleton (D:3)
  Robin (D:2)
  4 gnolls
  5 adders
  An adder skeleton (D:4)
  A worm (D:2)
  6 orcs
  6 bats
  6 endoplasms
  5 giant cockroaches
  12 goblins
  8 hobgoblins
  10 jackals
  9 kobolds
  A quokka (D:1)
  3 ball pythons
  3 frilled lizards
  17 rats
  A bush (D:3)
102 creatures vanquished.

Vanquished Creatures (others)
  7 plants (D:3)
7 creatures vanquished.

Grand Total: 109 creatures vanquished

Notes
Turn   | Place    | Note
-------+----------+-------------------------------------------
     0 | D:1      | KamiKatze the Gargoyle Fighter began the quest for the Orb.
     0 | D:1      | Reached XP level 1. HP: 14/14 MP: 1/1
    49 | D:1      | Reached XP level 2. HP: 19/19 MP: 2/2
   283 | D:1      | Found Leyr's Jewellery Boutique.
   371 | D:1      | Reached XP level 3. HP: 22/23 MP: 3/3
   442 | D:1      | Reached skill level 4 in Shields
   598 | D:1      | Found a faded altar of an unknown god.
   975 | D:2      | Noticed Robin
   987 | D:2      | Reached XP level 4. HP: 19/29 MP: 4/4
  1163 | D:2      | Killed Robin
  1872 | D:2      | Reached XP level 5. HP: 20/33 MP: 5/5
  2065 | D:3      | Found Ziddoost's Assorted Antiques.
  2120 | D:3      | Found an ancient bone altar of Kikubaaqudgha.
  2232 | D:3      | Bought a red potion for 22 gold pieces
  2381 | D:3      | Reached skill level 5 in Shields
  3094 | D:4      | Noticed Natasha
  3123 | D:3      | Reached XP level 6. HP: 18/38 MP: 6/6
  3271 | D:4      | Noticed Dowan
  3304 | D:4      | Killed Dowan
  3327 | D:4      | Noticed Duvessa
  3339 | D:4      | Slain by Duvessa

Illustrated notes

Levels and vault maps discovered:
D:1:      dpeg_arrival_ratfight, layout_basic, serial_shops, shop,
          shapermc_ecumenical_altar_venn
D:2:      layout_loops_ring, serial_rivers, chequers_serial_rivers_micro_a,
          chequers_serial_rivers_micro_b, chequers_serial_rivers_marsh,
          chequers_serial_rivers_small_a, uniq_robin
D:3:      cheibrodos_helix_gallery, layout_loops_ring, kiku_gazebo_pond_becter,
          serial_shops, shop, lexackson_kobold_supper
D:4:      layout_cave_pods, mainiacjoe_overflow_small_starburst,
          portal_sewer_entry_b, kennysheep_dice, uniq_duvessa, uniq_natasha,
          uniq_blork_the_orc

Skill      XL: |  1  2  3  4  5  6 |
---------------+-------------------+-----
Axes           | 2 3 4 |  4.0
Shields        | 4 5 |  5.4
Fighting       | 4 |  4.4
Armour         | |  3.2

Action                   |  1- 3 |  4- 6 || total
-------------------------+-------+-------++-------
Melee: War axe           |   116 |   261 ||   377
Throw: Stone             |       |     1 ||     1
  Use: Scroll            |       |     4 ||     4
       Potion            |       |     1 ||     1
Armor: Scale mail        |    79 |   121 ||   200
Dodge: Dodged            |    40 |    75 ||   115
Block: Kite shield       |    55 |   105 ||   160
